woodfighter, chaotic female orcish Cavewoman -- ---. .... .... -... ... ...-- .... --. ....- --..- ....--...| .......-- G......-- --- -.G).h..-- --.-------------..%.....----------- - |................%@.................---------------- - |.<............).........................................- --.......----......--...---------------------------- ---.|..-- --.|.--- ---- ------ ----- woodfighter the Cave Teen Experience level: 5 Strength: 18/01 Dexterity: 16 Constitution: 15 Intelligence: 10 Wisdom: 9 Charisma: 6 Health: 0(53) Energy: 15(15) Def: 2 Gold: 227 Moves: 2153 Dungeon seed: BewJ2kC41zHTjndS Game ID: woodfighter_1476518086 Your Inventory: Coins $ - 227 gold pieces Amulets w - an uncursed amulet of ESP A - a cursed amulet of restful sleep Weapons a - a +1 club (weapon in hand) b - a +2 sling (alternate weapon; not wielded) D - a +0 dwarvish spear Armor n - an uncursed +1 orcish helm q - an uncursed +0 leather armor (being worn) Comestibles c - an uncursed food ration d - an uncursed tin of jackal meat h - 2 uncursed lichen corpses j - an uncursed cream pie t - an uncursed sprig of wolfsbane G - an uncursed clove of garlic Scrolls E - 3 cursed scrolls of blank paper F - a blessed scroll of blank paper Spellbooks i - an uncursed spellbook of fireball Potions f - a cursed potion of fruit juice g - an uncursed potion of water k - an uncursed potion of gain level v - an uncursed potion of hallucination Rings u - an uncursed ring of fire resistance Wands l - a wand of cold (0:8) Tools y - an uncursed lock pick B - a +0 pick-axe Gems e - 15 uncursed flints (in quiver) Spells and supernatural/magical abilities: Name Level Category Fail Memory W - pray for help -- divine ? -- Your skills at the end: Miscellaneous Skills bare handed combat [Basic] Weapon Skills scimitar [Basic] club [Basic] sling [Basic] Spellcasting Skills Final Attributes: You were piously aligned. You were poison resistant. You had infravision. You were somewhat stealthy. You were lucky. You are dead. Vanquished creatures: a gnome lord 2 gnomish wizards a paper golem a dwarf a kobold lord a hill orc 3 hobbits a gecko a yellow mold 2 red molds 13 gnomes 6 jackals 2 foxes 3 kobolds 2 newts 2 sewer rats 3 grid bugs 7 lichens 52 creatures vanquished. Voluntary challenges: You did not adorn yourself with jewelry or accessories. You did not cause conflict. You were not invisible. You did not have reflection. You were not displaced. You used a wielded weapon 62 times, starting on turn 6. You did not use containers. You did not apply a unicorn horn. You did not use plumbed fixtures. You did not drink any magical draughts. You were illiterate. You never genocided any monsters. You never polymorphed an object. You never changed form. You used no wishes. You never split a pudding. You never wrote Elbereth's name. You never violated your personal moral code. Dungeon overview: The Dungeons of Doom: levels 1 to 5 Level 1 an altar to Anshar a long staircase Level 2 a fountain Level 3 (water) Level 4 (water) a fountain, a sink stairs to The Gnomish Mines Level 5 The Gnomish Mines: levels 5 to 6 Level 5 stairs to The Dungeons of Doom Level 6 <- You were here History has recorded: On T:1 you entered the Dungeons of Doom to retrieve the Amulet of Yendor! On T:207 you reached level 2 of The Dungeons of Doom. On T:329 you advanced to experience level 2. On T:452 you reached level 3 of The Dungeons of Doom. On T:618 you advanced to experience level 3. On T:1017 you reached level 4 of The Dungeons of Doom. On T:1123 you advanced to experience level 4. On T:1689 you reached level 1 of The Gnomish Mines. On T:1712 you reached level 2 of The Gnomish Mines. On T:1811 you reached level 5 of The Dungeons of Doom. On T:1883 you advanced to experience level 5. On T:2007 you prayed to Anshar. Score breakdown: Gold: 227 ( 22 points) Experience: 5 levels ( 400 points) Exploration: 6 levels ( 150 points) Discoveries: 13 items ( 650 points) Variety of kills: 18 monsters ( 900 points) Major goal: (nothing yet) ( 0 points) Survival: died (score multiplied by 3) Total score: 6366 Latest messages: You stop travelling. Something punches you! Your position suddenly seems very uncertain! Where do you want to travel to? You kill the gnome! (2x) The gnome wields a crossbow! You see here a clove of garlic. G - a clove of garlic. You kill the gnome! The gnome wields a bow! There are a few objects here. The dwarf plays a frost horn! The gnome is killed by the bolt of cold! The bolt of cold hits you! The bolt of cold bounces! (2x) The gnome drinks an orange potion! The gnome seems more experienced. You feel more confident in your weapon skills. You kill the gnome! You hit the gnome! The gnome wields a dagger! The gnome wields a bow! You kill the gnome! The dwarf plays a frost horn! The bolt of cold hits you! You die... Final status: Goodbye woodfighter the Cavewoman, killed by a bolt of cold... You died in The Gnomish Mines on dungeon level 6 with 6366 points, and 227 pieces of gold, after 2153 moves. You were level 5 with a maximum of 53 hit points when you died.